 Dungeon Crawl Stone Soup version 0.21.1-1-g345015fe64 (webtiles) character file.

32 Gargoyl the Skirmisher (level 3, 0/31 HPs)
             Began as a Centaur Abyssal Knight on Feb 20, 2018.
             Was a Follower of Lugonu.
             Slain by Robin
             ... wielding a +2 dagger of speed
              (5 damage)
             ... on level 2 of the Dungeon.
             The game lasted 00:02:11 (1212 turns).

Gargoyl the Skirmisher (Centaur Abyssal Knight)     Turns: 1212, Time: 00:02:12

Health: 0/31       AC:  5    Str: 14    XL:     3   Next: 8%
Magic:  4/4        EV:  9    Int: 11    God:    Lugonu [*.....]
Gold:   111        SH:  0    Dex:  9    Spells: 2/2 levels left

rFire    . . .     SeeInvis .   a - +1 hand axe
rCold    . . .     Gourm    .   (no shield)
rNeg     . . .     Faith    .   b - +0 leather armour
rPois    .         Spirit   .   (no helmet)
rElec    .         Reflect  .   f - +0 cloak
rCorr    .         Harm     .   (no gloves)
MR       .....                  (no barding)
Stlth    ..........             (no amulet)
HPRegen  0.10/turn              (no ring)
MPRegen  0.09/turn              (no ring)

@: very quick
A: large, hooves 3, deformed body, speed 2, tough skin 3
a: Depart the Abyss, Renounce Religion


You were on level 2 of the Dungeon.
You worshipped Lugonu.
Lugonu was aware of your devotion.
You were not hungry.

You visited 1 branch of the dungeon, and saw 2 of its levels.
You visited the Abyss 1 time.

You collected 111 gold pieces.

Inventory:

Hand Weapons
 a - a +1 hand axe (weapon)
Armour
 b - a +0 leather armour (worn)
 f - a +0 cloak (worn)
Jewellery
 m - an uncursed ring of resist corrosion {unknown}
Scrolls
 d - a scroll of remove curse {unknown}
 e - 2 scrolls of fear {unknown}
 g - 4 scrolls of identify {unknown}
 i - a scroll of enchant weapon {unknown}
 l - a scroll of fog {unknown}
Potions
 h - 2 potions of mutation {unknown}
 j - a potion of curing {unknown}
 k - a potion of magic {unknown}
 n - a potion of flight {unknown}
 o - a potion of brilliance {unknown}
Comestibles
 c - 5 rations


   Skills:
 + Level 3.3 Fighting
 + Level 2.1 Axes
 * Level 1.7 Armour
 + Level 0.8 Dodging
 * Level 2.3 Invocations


You had 2 spell levels left.
You didn't know any spells.

Dungeon Overview and Level Annotations

Branches:
Dungeon (2/15)

Altars:

Annotations:
D:2 Robin


Innate Abilities, Weirdness & Mutations

You have hooves in place of feet.
Armour fits poorly on your strangely shaped body.
You cover ground very quickly.
You have extremely tough skin. (AC +3)


Message History

The hobgoblin misses you.
You barely miss the hobgoblin. You kick the hobgoblin.
The hobgoblin is almost dead.
The hobgoblin hits you.
Unknown command.
You hit the hobgoblin.
You kill the hobgoblin!
Lugonu accepts your kill.
Unknown command.
You hit Robin. You kick Robin, but do no damage.
Robin is lightly wounded.
Robin hits you with a dagger of speed.
* * * LOW HITPOINT WARNING * * *
Unknown command.
You completely miss Robin. Your kick misses Robin.
Robin is lightly wounded.
Robin hits you with a dagger of speed.
* * * LOW HITPOINT WARNING * * *
Robin hits you with a dagger of speed.
You die...

#.........# ..
#.........#### ...
#............### ....
#.........##...###.g..
#.........###.))......
#.........# #(....g...
#...<.....# ##..##..>
#..........# ##g# ..
##########.. #@# #..
#().....# ##..$...#
......# .......
....... ##...#. .#..


You could see Robin.

Vanquished Creatures
  2 giant cockroaches (D:1)
  6 goblins (D:2)
  8 hobgoblins
  3 jackals (D:1)
  2 bats (D:1)
  3 frilled lizards (D:1)
  4 rats (D:1)
28 creatures vanquished.

Vanquished Creatures (others)
  A goblin (D:2)
1 creature vanquished.

Grand Total: 29 creatures vanquished

Notes
Turn   | Place    | Note
-------+----------+-------------------------------------------
     0 | Abyss:1  | Gargoyl the Centaur Abyssal Knight began the quest for the Orb.
     0 | Abyss:1  | Reached XP level 1. HP: 19/19 MP: 2/2
    38 | Abyss:1  | Noticed a hellwing
    40 | D:1      | Escaped the Abyss
   538 | D:1      | Reached XP level 2. HP: 26/26 MP: 3/3
   621 | D:1      | Reached * piety under Lugonu
  1190 | D:2      | Noticed Robin
  1206 | D:2      | Reached XP level 3. HP: 19/31 MP: 4/4
  1212 | D:2      | Slain by Robin

Skill      XL: |  1  2 |
---------------+-------+-----
Axes           | 2 |  2.1
Fighting       | |  3.3
Armour         | |  1.7
Dodging        | |  0.8
Invocations    | |  2.3

Action                   || total
-------------------------++-------
Melee: Hand axe          ||    72
       Kick              ||    12
Invok: Depart the Abyss  ||     1
  Use: Potion            ||     1
Armor: Leather armour    ||    43
Dodge: Dodged            ||    56
